 Dungeon Crawl Stone Soup version 0.29.1-15-g9cfb28693d (webtiles) character file.

Game seed: 1016459936873651118

66 hawla the Firebug (level 4, -1/33 HPs)
             Began as a Meteoran Fire Elementalist on Apr 27, 2023.
             Slain by an orc
             ... wielding a +0 dagger
              (2 damage)
             ... on level 4 of the Dungeon.
             The game lasted 00:02:43 (271 turns).

hawla the Firebug (Meteoran Fire Elementalist)       Turns: 271, Time: 00:02:43

Health: -1/33      AC:  2    Str: 10    XL:     4   Next: 63%
Magic:  1/10       EV: 13    Int: 18    God:
Gold:   67         SH:  0    Dex: 20    Spells: 7/10 levels left

rFire   . . .      SeeInvis .   (no weapon)
rCold   . . .      Faith    .   (no shield)
rNeg    . . .      Spirit   .   a - +0 robe
rPois   .          Reflect  .   (no helmet)
rElec   .          Harm     .   (no cloak)
rCorr   .          Rampage  .   (no gloves)
Will    .....                   (no boots)
Stlth   +.........              (no amulet)
HPRegen 0.11/turn               c - +6 ring of dexterity
MPRegen 0.12/turn               (no ring)

@: glowing
A: sense surroundings 1, otherworldly, glowing, explore regen
a: no special abilities


You were on level 4 of the Dungeon.
You visited 1 branch of the dungeon, and saw 4 of its levels.

You collected 67 gold pieces.

Inventory:

Armour
 a - a +0 robe (worn)
Jewellery
 c - a +6 ring of dexterity (left hand)


   Skills:
 + Level 3.0 Dodging
 - Level 1.4 Stealth
 + Level 3.5 Spellcasting
 + Level 1.7 Conjurations
 + Level 4.9 Fire Magic


You had 7 spell levels left.
You knew the following spells:

 Your Spells              Type           Power      Damage    Failure   Level
a - Foxfire               Conj/Fire      60%        2x1d7     4%          1
b - Scorch                Fire           42%        2d7       3%          2

Your spell library contained the following spells:

 Spells                   Type           Power      Damage    Failure   Level
 Conjure Flame            Conj/Fire      15%        6-21      12%         3
 Inner Flame              Hex/Fire       12%        N/A       17%         3
 Flame Wave               Conj/Fire      15%        2d7       36%         4


Dungeon Overview and Level Annotations

Branches:
Dungeon (4/15) Zot: 2129
 Temple: D:4-7

Altars:
Elyvilon


Innate Abilities, Weirdness & Mutations

You passively map a small area around you.
You are easily found by Zot.
You glow in the dark.
You regain HP and MP as you explore.


Message History

Casting: Foxfire (safe; 4% risk of failure)
Confirm with . or Enter, or press ? or * to list all spells.
You conjure some foxfire!
The foxfire hits the orc but does no damage.
The hobgoblin barely misses you.
You aren't carrying any scrolls.
You aren't carrying any potions.
You closely miss the hobgoblin. The hobgoblin hits you.
You hit the hobgoblin.
The hobgoblin is lightly wounded.
The hobgoblin misses you. The orc closely misses you.
You hit the hobgoblin.
The hobgoblin is moderately wounded.
The orc hits you but does no damage. The hobgoblin hits you.
You hit the hobgoblin.
The hobgoblin is heavily wounded.
The hobgoblin hits you.
* * * LOW HITPOINT WARNING * * *
The orc hits you with a +0 dagger.
* * * LOW HITPOINT WARNING * * *
You hit the hobgoblin but do no damage.
The hobgoblin is heavily wounded.
The hobgoblin hits you.
* * * LOW HITPOINT WARNING * * *
The orc hits you but does no damage.
Unknown command.
Casting: Foxfire (safe; 4% risk of failure)
Confirm with . or Enter, or press ? or * to list all spells.
There is not enough space to conjure foxfire!
You hit the hobgoblin.
The hobgoblin is almost dead.
The hobgoblin hits you.
* * * LOW HITPOINT WARNING * * *
The orc hits you with a +0 dagger.
* * * LOW HITPOINT WARNING * * *
Unknown command.
You barely miss the hobgoblin.
The hobgoblin is almost dead.
The orc hits you with a +0 dagger.
You die...

, , , , ,
,..... ... *
,..., , , ,,
..., , ,, ,
, , * ,##.##
* ,* * , ,
... < * , ,
*, #g# * ,*
, #@# *
##########o#
#.......<#o#
#.########o#
#.†..oo.)..#
#.#.########
#.#.# *
#h#.#
#######g#.#


You could see 3 orcs and a hobgoblin.

Vanquished Creatures
  2 orc wizards
  4 orcs
  A bat (D:1)
  A hobgoblin (D:4)
  3 jackals (D:4)
  A frilled lizard (D:1)
  A kobold (D:1)
13 creatures vanquished.

Vanquished Creatures (others)
  42 foxfires
42 creatures vanquished.

Grand Total: 55 creatures vanquished

Notes
Turn   | Place    | Note
-------+----------+-------------------------------------------
     0 | D:1      | hawla the Meteoran Fire Elementalist began the quest for
                  | the Orb.
     0 | D:1      | Reached XP level 1. HP: 14/14 MP: 5/5
   118 | D:3      | Found a white marble altar of Elyvilon.
   133 | D:3      | Noticed an orc wizard
   140 | D:3      | Reached XP level 2. HP: 20/20 MP: 3/6
   144 | D:3      | Reached skill level 4 in Fire Magic
   153 | D:3      | Reached XP level 3. HP: 24/26 MP: 2/8
   156 | D:3      | Learned a level 2 spell: Scorch
   243 | D:4      | Reached XP level 4. HP: 23/33 MP: 3/9
   270 | D:4      | HP: 1/33 [orc/+0 dagger (1)]
   271 | D:4      | Slain by an orc

Illustrated notes

Levels and vault maps discovered:
D:1:      roderic_octagonal_star, layout_basic, chequers_ecumenical_altar_twisty
D:2:      layout_basic, st_stairs_7, uniq_sigmund
D:3:      layout_basic, amcnicky_altar_gilded, nicolae_shop_vocational,
          uniq_terence
D:4:      layout_basic, mainiacjoe_overflow_surrounded_room,
          nicolae_qazlal_eye_of_the_storm, nicolae_uskayaw_dance_hall,
          uniq_natasha

Skill      XL: |  1  2  3  4 |
---------------+-------------+-----
Fire Magic     | 4 |  4.9
Spellcasting   | 3 |  3.5
Dodging        | 3 |  3.0
Stealth        | |  1.4
Conjurations   | |  1.7

Action                   |  1- 3 |  4- 6 || total
-------------------------+-------+-------++-------
Melee: Unarmed           |     5 |    11 ||    16
       Punch             |     1 |       ||     1
 Cast: Foxfire           |    18 |     6 ||    24
       Scorch            |     2 |       ||     2
  Use: Potion            |     1 |       ||     1
       Scroll            |     2 |       ||     2
Armor: Robe              |     5 |     6 ||    11
Dodge: Dodged            |     9 |     5 ||    14
